 Dungeon Crawl Stone Soup version 0.19-a0-1899-g2d93087 (webtiles) character file.

136329 pkoi the Severer (level 16, -1/144 HPs)
             Began as a Minotaur Gladiator on Oct 19, 2016.
             Was an Elder of Cheibriados.
             Slain by a fire dragon (12 damage)
             ... on level 1 of the Depths.
             The game lasted 01:02:07 (25203 turns).

pkoi the Severer (Minotaur Gladiator)              Turns: 25203, Time: 01:02:08

Health: -1/144     AC: 33    Str: 33    XL:     16   Next: 66%
Magic:  22/24      EV: 18    Int: 15    God:    Cheibriados [****..]
Gold:   1526       SH:  0    Dex: 25    Spells: 1 memorised, 19 levels left

rFire  . . .     SeeInvis +     M - +0 executioner's axe (protect)
rCold  + . .     Gourm    .     J - +0 plate armour
rNeg   . . .     Faith    .     (shield currently unavailable)
rPois  +         Spirit   .     c - +1 hat
rElec  +         Reflect  .     Q - +1 cloak of Starlight {rElec rC+ EV+4 Stlth--}
rCorr  .         Harm     .     p - +2 pair of gloves
MR     +....     Clarity  +     (no boots)
Stlth  ..........               n - amulet of regeneration
                                W - +3 ring of protection
                                r - ring of poison resistance

@: protection aura, very slow
A: retaliatory headbutt, hooves 1, horns 2, see invisible, clarity
a: Bend Time, Temporal Distortion, Slouch, Renounce Religion


You were on level 1 of the Depths.
You worshipped Cheibriados.
Cheibriados was greatly pleased with you.
You were not hungry.

You visited 5 branches of the dungeon, and saw 27 of its levels.

You collected 1787 gold pieces.
You spent 261 gold pieces at shops.

Inventory:

Hand Weapons
 D - a +0 battleaxe of chopping
 E - a +2 war axe of chopping
 M - a +0 executioner's axe of protection (weapon)
Missiles
 d - 6 throwing nets
 x - 11 javelins
 S - 2 javelins of returning (quivered)
Armour
 b - a +2 cloak
 c - a +1 hat (worn)
 p - a +2 pair of gloves (worn)
 q - a +0 troll leather armour
 J - a +0 plate armour (worn)
 Q - the +1 cloak of Starlight (worn) {rElec rC+ EV+4 Stlth--}
   (You found it on level 1 of the Lair of Beasts)

   It affects your evasion (+4).
   It protects you from cold.
   It insulates you from electricity.
   It makes you much less stealthy.
Jewellery
 m - an uncursed ring of resist corrosion
 n - an amulet of regeneration (around neck)
 r - a ring of poison resistance (left hand)
 W - a +3 ring of protection (right hand)
Wands
 s - a wand of teleportation (8/9)
Scrolls
 h - 13 scrolls of identify
 l - 3 scrolls of enchant weapon
 o - a scroll of fog
 u - 8 scrolls of remove curse
 z - 2 scrolls of summoning
 C - 3 scrolls of blinking
 L - 5 scrolls of enchant armour
 R - 8 scrolls of amnesia
 V - 5 scrolls of recharging
Potions
 a - 3 potions of ambrosia
 e - 6 potions of heal wounds
 j - 4 potions of magic
 k - 21 potions of curing
 t - 3 potions of flight
 F - 4 potions of might
 P - 3 potions of agility
 U - a potion of resistance
Comestibles
 f - 15 bread rations
 g - 24 fruits
 i - 7 chunks of flesh
 v - 12 slices of pizza
 A - 10 meat rations
 B - 8 beef jerkies
 O - 3 royal jellies


   Skills:
 - Level 13.4 Fighting
 + Level 20.2 Axes
 + Level 12.0 Throwing
 - Level 13.3 Armour
 - Level 6.2 Dodging
 - Level 2.5 Spellcasting
 - Level 2.8 Translocations
 - Level 12.7 Invocations


You had 19 spell levels left.
You knew the following spells:

 Your Spells              Type           Power        Failure   Level  Hunger
a - Apportation           Tloc           ##........   38%         1    #......


Dungeon Overview and Level Annotations

Branches:
Dungeon (15/15)            Temple (0/1) D:6            Lair (6/6) D:8
  Swamp (4/4) Lair:2       Spider (1/4) Lair:2        Slime (0/5) Lair:6
    Orc (0/2) D:9          Vaults (0/5) D:14         Depths (1/5) D:15

Altars:
Cheibriados
Fedhas
Hepliaklqana
Kikubaaqudgha
Makhleb
Nemelex Xobeh
Sif Muna
Vehumet
Yredelemnul
Lugonu

Shops:
D:5 *   D:9 %   D:14 *   Depths:1 ?

Annotations:
Lair:3 exclusion: 2 oklob plants
Swamp:1 exclusion: Roxanne, Roxanne
Spider:1 Frances


Innate Abilities, Weirdness & Mutations

You reflexively headbutt those who attack you in melee.
You have a pair of horns on your head.
You have large cloven feet.
You have supernaturally acute eyesight. (SInv)
You possess an exceptional clarity of mind.


Message History

Unknown command.
You are too injured to fight recklessly!
You are too injured to fight recklessly!
Unknown command.
You are too injured to fight recklessly!
Unknown command.
You are too injured to fight recklessly!
You slice the fire dragon like a ripe choko!!!
Your weapon exudes an aura of protection.
You kick the fire dragon, but do no damage.
Your headbutt misses the fire dragon.
The fire dragon is heavily wounded.
The fire dragon closely misses you.
The fire dragon claws you but does no damage.
The fire dragon tramples you but does no damage.
You slice the fire dragon!!
You kick the fire dragon, but do no damage.
The fire dragon is almost dead.
The fire dragon bites you!
You die...

##(#### ##..........###
#...)[#####............#
g##.))[....§§§§.......##
(#..)##.)..§≈§≈.....###
(...##.....§.≈≈≈.....#####
....###...[..≈.≈.§..[.#..###
.................§..)).....#
...........##..[D..§))#...##
...........#....@.#)#.##<.#
....#............##.#######
...#.............####
...............###
...........#..##
..............#
..............#
...........#..#
#........>.#..#


You could see a fire dragon.

Vanquished Creatures
  A bone dragon (Swamp:4)
  A tentacled monstrosity (Swamp:4)
  Rupert (D:14)
  Agnes (D:14)
  2 tengu reavers (Depths:1)
  Louise (D:15)
  A frost giant (Depths:1)
  A stone giant (Depths:1)
  A dire elephant (Lair:6)
  Azrael (D:15)
  A fire dragon (Depths:1)
  A yaktaur captain (D:15)
  2 great orbs of eyes (Depths:1)
  10 hydras
  A vault guard (D:14)
  Erolcha (D:9)
  2 catoblepae
  A merfolk avatar (Lair:6)
  An ice dragon (Depths:1)
  Erica (D:8)
  3 ghost crabs
  10 alligators
  4 centaur warriors
  4 tengu warriors (Depths:1)
  4 deep troll shamans
  An ogre mage (Depths:1)
  Urug (Lair:5)
  9 spriggans
  3 deep troll earth magi (Depths:1)
  A vampire mage (Depths:1)
  2 salamander mystics (Depths:1)
  An unseen horror (D:11)
  2 sea snakes (Lair:6)
  3 swamp dragons
  2 deep trolls (Depths:1)
  A phantasmal warrior (Swamp:4)
  4 spectral hydras (Swamp:4)
  A shambling mangrove (Swamp:2)
  5 hill giants
  2 spriggan druids
  A wizard (Depths:1)
  An orc knight (D:15)
  6 salamanders (Depths:1)
  3 harpies
  4 ugly things
  2 manticores
  A cyclops (D:11)
  2 deep elf magi
  6 elephants (Lair:5)
  2 black mambas
  3 gargoyles
  24 spiny frogs
  3 centaur skeletons
  5 rime drakes
  An efreet (D:14)
  10 komodo dragons
  5 kobold demonologists
  5 swamp worm zombies (Swamp:4)
  A yaktaur (D:15)
  A hydra zombie (Swamp:4)
  5 polar bears (Lair:6)
  2 jumping spiders
  A troll (D:14)
  3 two-headed ogres
  4 tyrant leeches
  15 hornets
  22 blink frogs
  11 slime creatures
  4 dream sheep (Lair:4)
  11 bog bodies
  A spectral swamp dragon (Swamp:4)
  2 alligator zombies (Swamp:4)
  11 hippogriffs
  A meliai zombie (D:14)
  A vampire (D:12)
  2 tarantellas (Spider:1)
  4 shadows
  2 wyverns
  Sigmund (D:2)
  16 yaks
  8 redbacks
  6 basilisks
  A human (D:7)
  3 hungry ghosts
  4 hogs (D:7)
  Grum (D:10)
  3 fire elementals (D:15)
  19 vampire mosquitoes
  A mottled dragon (D:14)
  2 wargs (D:8)
  A soldier ant (D:14)
  6 insubstantial wisps
  19 swamp worms
  11 water moccasins
  3 hell hounds (D:15)
  5 orc warriors
  7 porcupines
  13 swamp drakes
  An ice beast (D:5)
  4 sky beasts
  6 swamp dragon zombies (Swamp:4)
  9 ogres
  5 boggarts
  An eye of draining (D:12)
  15 centaurs
  5 phantoms
  14 wolves
  12 crocodiles
  3 big kobolds (D:12)
  Blork the orc (D:4)
  23 bullfrogs
  2 wyvern zombies (D:14)
  A wyvern skeleton (D:9)
  6 scorpions
  A water moccasin skeleton (D:9)
  A hornet simulacrum (D:14)
  11 killer bees
  4 wights
  An electric eel (Lair:1)
  2 bullfrog zombies (D:5)
  4 centaur zombies
  3 howler monkeys
  5 hounds
  8 jellies
  13 orc priests
  4 bullfrog skeletons
  12 orc wizards
  Crazy Yiuf (D:4)
  Terence (D:3)
  An iguana (D:9)
  A spectral swamp drake (Swamp:4)
  Natasha (thrice) (D:3)
  12 worker ants
  A hound skeleton (D:9)
  A worker ant zombie (D:6)
  10 gnolls
  14 adders
  4 shadow imps
  3 oozes
  An adder skeleton (D:7)
  17 worms
  2 dart slugs (D:4)
  4 leopard geckos
  43 orcs
  4 ball pythons
  8 bats
  5 giant cockroaches
  6 goblins
  5 hobgoblins
  18 jackals
  5 quokkas
  6 frilled lizards
  17 kobolds
  A leopard gecko skeleton (D:6)
  7 rats
  3 fungi
  4 plants
798 creatures vanquished.

Vanquished Creatures (others)
  A hydra (Swamp:4)
  An ugly thing (D:15)
  2 spriggans (Swamp:3)
  A boggart (Depths:1)
  A centaur (D:15)
  A jackal (D:6)
  A demonic plant (D:11)
  4 fungi
  9 plants
21 creatures vanquished.

Grand Total: 819 creatures vanquished

Notes
Turn   | Place    | Note
-------+----------+-------------------------------------------
     0 | D:1      | pkoi the Minotaur Gladiator began the quest for the Orb.
     0 | D:1      | Reached XP level 1. HP: 18/18 MP: 0/0
   287 | D:1      | Reached skill level 4 in Axes
   376 | D:1      | Reached XP level 2. HP: 21/25 MP: 1/1
   604 | D:2      | Reached skill level 5 in Axes
   611 | D:2      | Reached XP level 3. HP: 21/30 MP: 2/2
   874 | D:2      | Found a burning altar of Makhleb.
  1088 | D:2      | Reached XP level 4. HP: 32/37 MP: 3/3
  1150 | D:2      | Reached skill level 6 in Axes
  1163 | D:2      | Noticed Sigmund
  1395 | D:3      | Reached skill level 1 in Armour
  1457 | D:3      | Noticed Terence
  1470 | D:3      | Killed Terence
  1539 | D:3      | Noticed Natasha
  1555 | D:3      | Killed Natasha
  1555 | D:3      | Reached XP level 5. HP: 42/42 MP: 4/4
  1571 | D:3      | Noticed Natasha
  1578 | D:3      | Killed Natasha
  1578 | D:3      | Reached skill level 7 in Axes
  2119 | D:4      | Reached XP level 6. HP: 50/50 MP: 5/5
  2133 | D:4      | Reached skill level 8 in Axes
  2343 | D:4      | Found a sparkling altar of Nemelex Xobeh.
  2525 | D:4      | Found a radiant altar of Vehumet.
  2819 | D:4      | Noticed Blork the orc
  2826 | D:4      | Killed Blork the orc
  2932 | D:4      | Reached XP level 7. HP: 14/56 MP: 6/6
  3300 | D:4      | Found a runed door.
  3336 | D:5      | Entered Level 5 of the Dungeon
  3486 | D:5      | Found a hazy altar of Hepliaklqana.
  3628 | D:5      | Found Pigug's Assorted Antiques.
  3664 | D:5      | Found a snail-covered altar of Cheibriados.
  3674 | D:5      | Reached skill level 9 in Axes
  3711 | D:5      | Became a worshipper of Cheibriados the Contemplative
  3748 | D:5      | Reached skill level 1 in Invocations
  4182 | D:5      | Reached skill level 10 in Axes
  4182 | D:5      | Reached XP level 8. HP: 50/62 MP: 9/9
  4411 | D:5      | Found a basalt altar of Yredelemnul.
  4411 | D:5      | Found a deep blue altar of Sif Muna.
  4727 | D:6      | Reached * piety under Cheibriados
  4748 | D:6      | Found a blossoming altar of Fedhas.
  4919 | D:6      | Reached skill level 5 in Invocations
  4919 | D:6      | Reached skill level 11 in Axes
  5261 | D:6      | Reached ** piety under Cheibriados
  5267 | D:6      | Reached XP level 9. HP: 39/68 MP: 12/12
  5775 | D:6      | Found an ancient bone altar of Kikubaaqudgha.
  5835 | D:6      | Found a staircase to the Ecumenical Temple.
  6120 | D:7      | Reached skill level 12 in Axes
  6300 | D:7      | Noticed a brown ugly thing
  6310 | D:7      | Killed a brown ugly thing
  6589 | D:7      | Reached *** piety under Cheibriados
  6769 | D:7      | Got a smoking helmet
  6850 | D:7      | Reached XP level 10. HP: 80/80 MP: 14/14
  7009 | D:7      | Reached **** piety under Cheibriados
  7161 | D:7      | Reached skill level 5 in Dodging
  7305 | D:8      | Noticed Erica
  7321 | D:8      | Killed Erica
  7321 | D:8      | Reached skill level 5 in Fighting
  7321 | D:8      | Reached skill level 5 in Armour
  7454 | D:8      | Found a staircase to the Lair.
  8015 | D:9      | Reached ***** piety under Cheibriados
  8126 | D:9      | Noticed Erolcha
  8130 | D:9      | Killed Erolcha
  8130 | D:9      | Reached skill level 13 in Axes
  8388 | D:9      | Found Tystrya's Food Boutique.
  8798 | D:4      | Noticed Crazy Yiuf
  8801 | D:4      | Killed Crazy Yiuf
  8923 | D:3      | Noticed Natasha
  9083 | D:2      | Killed Sigmund
  9178 | D:3      | Killed Natasha
  9463 | D:9      | Found a staircase to the Orcish Mines.
  9963 | D:10     | Entered Level 10 of the Dungeon
  9965 | D:10     | Reached XP level 11. HP: 91/91 MP: 16/16
 10066 | D:10     | Noticed Grum
 10075 | D:10     | Killed Grum
 10187 | D:10     | Reached ****** piety under Cheibriados
 10276 | D:11     | Found a corrupted altar of Lugonu.
 10362 | D:11     | Noticed a soul eater
 10642 | D:11     | Killed an unseen horror
 10716 | D:11     | You fall through a shaft for 2 floors!
 10716 | D:13     | Noticed a hill giant
 10725 | D:13     | Killed a hill giant
 10910 | D:13     | Noticed a deep elf mage
 10913 | D:13     | Noticed a hill giant
 10917 | D:13     | Killed a deep elf mage
 10923 | D:13     | Killed a hill giant
 11176 | D:12     | Found an ancient bone altar of Kikubaaqudgha.
 11296 | D:12     | Noticed a purple ugly thing
 11298 | D:12     | Reached skill level 14 in Axes
 11306 | D:12     | Killed a purple ugly thing
 11572 | D:12     | Noticed a deep elf mage
 11578 | D:12     | Killed a deep elf mage
 11797 | D:12     | Reached skill level 10 in Invocations
 11797 | D:12     | Reached XP level 12. HP: 103/104 MP: 18/18
 11886 | D:12     | You fall through a shaft for 2 floors!
 12015 | D:14     | Found Ruthreh's General Store.
 12018 | D:14     | Bought a +0 executioner's axe for 180 gold pieces
 12018 | D:14     | Bought a cursed ring of teleportation for 81 gold pieces
 12065 | D:14     | Noticed a centaur warrior
 12069 | D:14     | Killed a centaur warrior
 12282 | D:14     | Noticed Agnes
 12293 | D:14     | Killed Agnes
 12554 | D:14     | Reached skill level 10 in Fighting
 12554 | D:14     | Reached skill level 10 in Armour
 12796 | D:14     | Noticed Rupert
 12806 | D:14     | Killed Rupert
 13094 | D:14     | Noticed a centaur warrior
 13105 | D:14     | Killed a centaur warrior
 13273 | D:14     | Found a gate to the Vaults.
 13273 | D:14     | Noticed a vault guard
 13280 | D:14     | Killed a vault guard
 13400 | D:14     | Reached skill level 15 in Axes
 13571 | D:14     | Noticed a centaur warrior
 13578 | D:14     | Killed a centaur warrior
 13901 | D:15     | Entered Level 15 of the Dungeon
 14120 | Lair:1   | Entered Level 1 of the Lair of Beasts
 14128 | Lair:1   | Reached XP level 13. HP: 116/116 MP: 20/20
 15055 | Lair:2   | Found a staircase to the Swamp.
 15437 | Lair:2   | Found a hole to the Spider Nest.
 15506 | Lair:2   | Gained mutation: You possess an exceptional clarity of mind. [potion of mutation]
 15506 | Lair:2   | Gained mutation: You have supernaturally acute eyesight. (SInv) [potion of mutation]
 15506 | Lair:2   | Gained mutation: You have large cloven feet. [potion of mutation]
 15520 | Lair:2   | You fall through a shaft for 2 floors!
 16188 | Lair:3   | Found a radiant altar of Vehumet.
 17391 | Lair:5   | Noticed Urug
 17401 | Lair:5   | Killed Urug
 17401 | Lair:5   | Reached skill level 16 in Axes
 17777 | Lair:5   | Reached XP level 14. HP: 117/127 MP: 22/22
 18012 | Lair:3   | Learned a level 1 spell: Apportation
 18124 | Lair:6   | Entered Level 6 of the Lair of Beasts
 18280 | Lair:6   | Reached skill level 1 in Translocations
 18310 | Lair:6   | Reached skill level 1 in Spellcasting
 18985 | Lair:6   | Found a staircase to the Slime Pits.
 19486 | Swamp:1  | Entered Level 1 of the Swamp
 19813 | Swamp:1  | Noticed Roxanne
 20188 | Swamp:2  | Reached skill level 17 in Axes
 20607 | Swamp:2  | Reached skill level 5 in Throwing
 20654 | Swamp:2  | Reached XP level 15. HP: 136/136 MP: 23/23
 21498 | Swamp:3  | Reached skill level 18 in Axes
 21580 | Swamp:4  | Entered Level 4 of the Swamp
 22523 | Swamp:4  | Noticed a bone dragon
 22540 | Swamp:4  | Killed a bone dragon
 22787 | Swamp:4  | Noticed a tentacled monstrosity
 22801 | Swamp:4  | Killed a tentacled monstrosity
 23099 | Spider:1 | Entered Level 1 of the Spider Nest
 23107 | Spider:1 | Reached skill level 19 in Axes
 23108 | Spider:1 | Noticed Frances
 23569 | D:15     | Found a hazy altar of Hepliaklqana.
 23633 | D:15     | Reached XP level 16. HP: 140/144 MP: 24/24
 23644 | D:15     | Reached skill level 10 in Throwing
 23670 | D:15     | Noticed Louise
 23688 | D:15     | Killed Louise
 23691 | D:15     | Noticed Azrael
 23697 | D:15     | Killed Azrael
 24135 | D:15     | Found a staircase to the Depths.
 24204 | D:15     | Found a deep blue altar of Sif Muna.
 24523 | Depths:1 | Entered Level 1 of the Depths
 24761 | Depths:1 | Found Paivisiq's Magic Scroll Emporium.
 24775 | Depths:1 | Noticed a tengu reaver
 24790 | Depths:1 | Killed a tengu reaver
 24818 | Depths:1 | Reached skill level 20 in Axes
 25049 | Depths:1 | HP: 5/144 [ice dragon/blast of cold (13)]
 25203 | Depths:1 | Slain by a fire dragon

Vault maps used:
D:1:      dpeg_arrival_solitude
D:2:      nicolae_overflow_hidden_temple, uniq_sigmund
D:3:      uniq_natasha, uniq_terence
D:4:      lemuel_round_altar, marbit_many_paths, uniq_blork_the_orc,
          uniq_crazy_yiuf_cottage
D:5:      overflow_temple_1_default, gammafunk_temple_overflow_elements,
          first_bread, basic_altar, serial_shops, nicolae_shop_window_shopping,
          kennysheep_generic_room_14
D:6:      kennysheep_mini_moat, kennysheep_little_box
D:7:      grunt_livestock
D:8:      erik_lair_orcish_takeover, uniq_erica
D:9:      orc_0_dummy, serial_shops,
          nicolae_shop_temple_entry_statues_fountains, uniq_erolcha
D:10:     uniq_grum
D:11:     kennysheep_kobold_lugonu_temple
D:12:     basic_altar
D:14:     david_vaults_5, serial_shops, shop, minmay_misc_feat_plants, hex_tiny,
          uniq_agnes, uniq_rupert
D:15:     grunt_enter_depths_snipers, lemuel_crystal_altar, tgw_sif,
          uniq_louise, uniq_azrael
Lair:1:   infiniplex_staircase_pool
Lair:2:   minmay_swamp_entry_worms, spider_nest_entry_funnel_web,
          infiniplex_staircase_pool_2
Lair:3:   minmay_lair_oklob_tunnel, basic_altar
Lair:4:   grunt_megastairs_4
Lair:5:   worms_lemuel, uniq_urug
Lair:6:   gammafunk_lair_ancient_temple, nicolae_slime_entry_slimehenge,
          lab_entry_generic
Swamp:1:  evilmike_swamp_ruin_house_4, swamp_pool1, uniq_roxanne
Swamp:2:  evilmike_swamp_ruin_house_2, swamp_pool3
Swamp:3:  evilmike_swamp_ruin_rubble_2, swamp_pool1
Swamp:4:  swamp_pestilence
Spider:1: minmay_another_anthill, uniq_frances
Depths:1: enter_trove_1, hell_entry, serial_shops, shop_scrolls,
          hangedman_aviary

Skill      XL: |  1  2  3  4  5  6  7  8  9 10 11 12 13 14 15 16 |
---------------+-------------------------------------------------+-----
Axes           | 4 5 6 7 8 10 11 12 13 14 15 16 17 19 20 | 20.2
Armour         | 2 4 6 9 11 12 13 | 13.3
Throwing       | 3 5 9 12 | 12.0
Invocations    | 3 6 7 8 10 11 12 | 12.7
Fighting       | 4 6 9 11 12 13 | 13.4
Dodging        | 4 6 |  6.2
Translocations | 2 |  2.8
Spellcasting   | 2 |  2.5

Action                   |  1- 3 |  4- 6 |  7- 9 | 10-12 | 13-15 | 16-18 || total
-------------------------+-------+-------+-------+-------+-------+-------++-------
Melee: War axe           |    69 |   145 |   252 |    54 |       |       ||   520
       Headbutt          |    11 |    22 |    61 |   128 |   252 |    57 ||   531
       Battleaxe         |       |       |       |   275 |       |       ||   275
       Executioner's axe |       |       |       |    49 |   792 |   160 ||  1001
       Kick              |       |       |       |       |   365 |    85 ||   450
Throw: Javelin           |       |       |       |       |       |     6 ||     6
 Cast: Apportation       |       |       |       |       |     1 |       ||     1
Invok: Slouch            |       |       |       |     2 |     6 |     6 ||    14
       Step From Time    |       |       |       |       |       |     2 ||     2
  Use: Potion            |       |     6 |     3 |     2 |     3 |       ||    14
       Scroll            |       |     3 |     3 |    10 |     8 |     5 ||    29
 Stab: Invisible         |       |     1 |       |       |       |       ||     1
       Distracted        |       |       |       |     1 |       |       ||     1
  Eat: Chunk             |     1 |     6 |    11 |    14 |    19 |     5 ||    56
       Beef jerky        |       |       |       |       |     1 |       ||     1
Armor: Leather armour    |    13 |       |       |       |       |       ||    13
       Chain mail        |     7 |    75 |   120 |    33 |       |       ||   235
       Skin              |       |     2 |       |       |       |       ||     2
       Plate armour      |       |       |       |   202 |   769 |   199 ||  1170
Dodge: Dodged            |    62 |    63 |   115 |   317 |  1199 |   235 ||  1991
